EL
BOWIE BAYSOX @ ERIE SEAWOLVES
09/10/2046
 
TOP OF THE 1ST
Bowie Baysox batting - Pitching for Erie SeaWolves : RHP Mario Napoles
Pitching: RHP Mario Napoles
Batting: RHB Ryan Taylor 0-0: Called Strike
0-1: Ground out 5-3 (Groundball, 56, EV 83.1 MPH)
Batting: LHB Andrew Erens 0-0: Fly out, F7 (Flyball, 7, EV 95.6 MPH)
Batting: RHB Danny Merrill 0-0: Ball
1-0: Called Strike
1-1: Ground out 6-3 (Groundball, 6, EV 92.5 MPH)
Top of the 1st over - 0 runs, 0 hits, 0 errors, 0 left on base; Bowie 0 - Erie 0
BOTTOM OF THE 1ST
Erie SeaWolves batting - Pitching for Bowie Baysox : RHP Ryan Hemmerich
Pitching: RHP Ryan Hemmerich
Batting: RHB Brandon O'Malley 0-0: Called Strike
0-1: Ball
1-1: Called Strike
1-2: SINGLE (Flyball, 6D, EV 87.5 MPH)
Batting: RHB Adam MacConnell 0-0: Called Strike
Brandon O'Malley steals 2nd base
0-1: Foul Ball, location: 2F
0-2: Ball
1-2: Strikes out swinging
Batting: RHB John Evancho 0-0: Ball
1-0: Called Strike
1-1: Ball
2-1: Ground out 4-3 (Groundball, 4, EV 80.6 MPH)
Brandon O'Malley to third
Batting: RHB Eric Angelle 0-0: Called Strike
0-1: Foul Ball, location: 2F
0-2: Foul Ball, location: 2F
0-2: Ball
1-2: Foul Ball, location: 2F
1-2: Fly out, F7 (Flyball, 7S, EV 89.4 MPH)
Bottom of the 1st over - 0 runs, 1 hit, 0 errors, 1 left on base; Bowie 0 - Erie 0
TOP OF THE 2ND
Bowie Baysox batting - Pitching for Erie SeaWolves : RHP Mario Napoles
Batting: LHB Raul Rojas 0-0: Called Strike
0-1: Called Strike
0-2: Ball
1-2: Strikes out swinging
Batting: RHB Edwin Ramos 0-0: Called Strike
0-1: Ball
1-1: Swinging Strike
1-2: Strikes out swinging
Batting: RHB Travis Carter 0-0: Called Strike
0-1: Called Strike
0-2: SINGLE (Groundball, 56D, EV 96.2 MPH)
Batting: LHB Matt Patnaude 0-0: Ball
1-0: Ball
2-0: Ground out U3 (Groundball, 3, EV 100.0 MPH)
Top of the 2nd over - 0 runs, 1 hit, 0 errors, 1 left on base; Bowie 0 - Erie 0
BOTTOM OF THE 2ND
Erie SeaWolves batting - Pitching for Bowie Baysox : RHP Ryan Hemmerich
Batting: RHB Carlos Armenteros 0-0: Ball
1-0: Called Strike
1-1: Ground out U3 (Groundball, 34S, EV 85.6 MPH)
Batting: RHB Tanner Purchase 0-0: Called Strike
0-1: Swinging Strike
0-2: Strikes out swinging
Batting: LHB Luis Dominguez 0-0: Ball
1-0: Fly out, F9 (Flyball, 9LSF, EV 87.5 MPH)
Bottom of the 2nd over - 0 runs, 0 hits, 0 errors, 0 left on base; Bowie 0 - Erie 0
TOP OF THE 3RD
Bowie Baysox batting - Pitching for Erie SeaWolves : RHP Mario Napoles
Batting: SHB Hugo Moreno 0-0: Foul Ball, location: 2F
0-1: Ball
1-1: Ball
2-1: Swinging Strike
2-2: Strikes out swinging
Batting: LHB Jose Fierro 0-0: Ball
1-0: Foul Ball, location: 2F
1-1: Swinging Strike
1-2: Foul Ball, location: 2F
1-2: Foul Ball, location: 2F
1-2: Strikes out swinging
Batting: RHB Ryan Taylor 0-0: Called Strike
0-1: Called Strike
0-2: Ball
1-2: Strikes out looking
Top of the 3rd over - 0 runs, 0 hits, 0 errors, 0 left on base; Bowie 0 - Erie 0
BOTTOM OF THE 3RD
Erie SeaWolves batting - Pitching for Bowie Baysox : RHP Ryan Hemmerich
Batting: RHB Victor Reyes 0-0: Ball
1-0: Ball
2-0: Foul Ball, location: 2F
2-1: Ball
3-1: Called Strike
3-2: Fly out, F8 (Flyball, 89M, EV 97.5 MPH)
Batting: RHB Jordan Hall 0-0: Ball
1-0: Ball
2-0: Ground out 5-3 (Groundball, 5S, EV 84.4 MPH)
Batting: RHB Brandon O'Malley 0-0: Ball
1-0: Called Strike
1-1: Swinging Strike
1-2: Ball
2-2: Ground out U3 (Groundball, 3, EV 82.5 MPH)
Bottom of the 3rd over - 0 runs, 0 hits, 0 errors, 0 left on base; Bowie 0 - Erie 0
TOP OF THE 4TH
Bowie Baysox batting - Pitching for Erie SeaWolves : RHP Mario Napoles
Batting: LHB Andrew Erens 0-0: Ball
1-0: Foul Ball, location: 2F
1-1: Ball
2-1: Foul Ball, location: 2F
2-2: Ball
3-2: Foul Ball, location: 2F
3-2: Foul Ball, location: 2F
3-2: Ground out 4-3 (Groundball, 4MS, EV 91.9 MPH)
Batting: RHB Danny Merrill 0-0: Ball
1-0: Ball
2-0: Ball
3-0: Called Strike
3-1: Base on Balls
Batting: LHB Raul Rojas 0-0: Swinging Strike
0-1: Swinging Strike
0-2: Strikes out swinging
Batting: RHB Edwin Ramos 0-0: Ball
Danny Merrill steals 2nd base
1-0: Ball
2-0: Ball
3-0: Called Strike
3-1: Base on Balls
Batting: RHB Travis Carter 0-0: Called Strike
0-1: Ball
1-1: Ball
2-1: Foul Ball, location: 2F
2-2: Fielders Choice at 2nd, 6-4 (Groundball, 6, EV 99.4 MPH)
Top of the 4th over - 0 runs, 0 hits, 0 errors, 2 left on base; Bowie 0 - Erie 0
BOTTOM OF THE 4TH
Erie SeaWolves batting - Pitching for Bowie Baysox : RHP Ryan Hemmerich
Batting: RHB Adam MacConnell 0-0: Called Strike
0-1: Ball
1-1: Fly out, F3 (Popup, 3, EV 63.1 MPH)
Batting: RHB John Evancho 0-0: Called Strike
0-1: Foul Ball, location: 2F
0-2: Ball
1-2: Ball
2-2: Foul Ball, location: 2F
2-2: Strikes out swinging
Batting: RHB Eric Angelle 0-0: Foul Ball, location: 2F
0-1: Swinging Strike
0-2: Ball
1-2: Strikes out looking
Bottom of the 4th over - 0 runs, 0 hits, 0 errors, 0 left on base; Bowie 0 - Erie 0
TOP OF THE 5TH
Bowie Baysox batting - Pitching for Erie SeaWolves : RHP Mario Napoles
Batting: LHB Matt Patnaude 0-0: Ball
1-0: Fly out, F8 (Flyball, 78S, EV 90.0 MPH)
Batting: SHB Hugo Moreno 0-0: Called Strike
0-1: Ball
1-1: Foul Ball, location: 2F
1-2: Ball
2-2: Strikes out swinging
DELAY Rain delay of 43 minutes in the 5th inning.
Batting: LHB Jose Fierro 0-0: Called Strike
0-1: SINGLE (Groundball, 3D, EV 95.0 MPH)
Batting: RHB Ryan Taylor 0-0: Ball
1-0: Foul Ball, location: 2F
1-1: Called Strike
Jose Fierro steals 2nd base
1-2: Strikes out swinging
Top of the 5th over - 0 runs, 1 hit, 0 errors, 1 left on base; Bowie 0 - Erie 0
BOTTOM OF THE 5TH
Erie SeaWolves batting - Pitching for Bowie Baysox : RHP Ryan Hemmerich
Batting: RHB Carlos Armenteros 0-0: Swinging Strike
0-1: SINGLE (Groundball, 6, EV 94.4 MPH)
Batting: RHB Tanner Purchase 0-0: Ball
1-0: Fly out, F4 (Popup, 4, EV 66.2 MPH)
Batting: LHB Luis Dominguez 0-0: Ball
1-0: Reached on error, E3 (Groundball, 3L, EV 76.2 MPH)
Carlos Armenteros to second
Batting: RHB Victor Reyes 0-0: Called Strike
0-1: Ball
1-1: Fly out, F9 (Line Drive, 89M, EV 86.2 MPH)
Batting: RHB Jordan Hall 0-0: Ball
1-0: Ground out U3 (Groundball, 3, EV 84.4 MPH)
Bottom of the 5th over - 0 runs, 1 hit, 1 error, 2 left on base; Bowie 0 - Erie 0
TOP OF THE 6TH
Bowie Baysox batting - Pitching for Erie SeaWolves : RHP Mario Napoles
Batting: LHB Andrew Erens 0-0: Ball
1-0: Called Strike
1-1: Ball
2-1: SINGLE (Line Drive, 9S, EV 101.2 MPH)
Batting: RHB Danny Merrill 0-0: Ball
1-0: Ball
2-0: Ball
3-0: Base on Balls
Andrew Erens to second
Batting: LHB Raul Rojas 0-0: Ball
1-0: Swinging Strike
1-1: Ball
2-1: Ball
3-1: Base on Balls
Andrew Erens to third
Danny Merrill to second
Pitching: RHP Luis Brown
Batting: RHB Edwin Ramos 0-0: Fielders Choice at 2nd, 3-6 (Groundball, 34, EV 98.1 MPH)
Andrew Erens scores
Danny Merrill to third
Batting: RHB Travis Carter 0-0: Foul Ball, location: 2F
0-1: Swinging Strike
0-2: Foul Ball, location: 2F
0-2: Foul Ball, location: 2F
0-2: Strikes out looking
Batting: LHB Matt Patnaude 0-0: Ball
1-0: Ball
2-0: Ball
3-0: Called Strike
3-1: Base on Balls
Edwin Ramos to second
Batting: SHB Hugo Moreno 0-0: Called Strike
0-1: Swinging Strike
0-2: Strikes out swinging
Top of the 6th over - 1 run, 1 hit, 0 errors, 3 left on base; Bowie 1 - Erie 0
BOTTOM OF THE 6TH
Erie SeaWolves batting - Pitching for Bowie Baysox : RHP Ryan Hemmerich
Batting: RHB Brandon O'Malley 0-0: Ball
1-0: Foul Ball, location: 2F
1-1: Swinging Strike
1-2: Ball
2-2: Foul Ball, location: 2F
2-2: SINGLE (Groundball, 6MD, EV 98.1 MPH)
Pitching: RHP Mike Hurst
Batting: RHB Adam MacConnell 0-0: Foul Ball, location: 2F
0-1: Ball
1-1: Fly out, F9 (Flyball, 9LM, EV 85.6 MPH)
Batting: RHB John Evancho 0-0: Ball
1-0: Swinging Strike
1-1: Ball
2-1: Foul Ball, location: 2F
2-2: Ball
3-2: Base on Balls
Brandon O'Malley to second
Batting: RHB Eric Angelle 0-0: Ball
1-0: Foul Ball, location: 2F
1-1: SINGLE (Groundball, 56, EV 97.5 MPH)
Brandon O'Malley to third
John Evancho to second
Runner from 3rd tries for Home, SAFE, throw by LF to home
John Evancho to third
Eric Angelle to second
Batting: RHB Carlos Armenteros 0-0: Ball
1-0: Ball
2-0: Called Strike
2-1: Foul Ball, location: 2F
2-2: Strikes out swinging
Batting: RHB Tanner Purchase 0-0: Ball
1-0: Called Strike
1-1: Ball
2-1: Ball
3-1: Called Strike
3-2: Foul Ball, location: 2F
3-2: Strikes out swinging
Bottom of the 6th over - 1 run, 2 hits, 0 errors, 2 left on base; Bowie 1 - Erie 1
TOP OF THE 7TH
Bowie Baysox batting - Pitching for Erie SeaWolves : RHP Luis Brown
Batting: LHB Jose Fierro 0-0: Called Strike
0-1: Swinging Strike
0-2: Ball
1-2: Foul Ball, location: 2F
1-2: Ball
2-2: Ball
3-2: Foul Ball, location: 2F
3-2: Ground out 6-3 (Groundball, 6, EV 106.2 MPH)
Pinch Hitting: LHB Pat Shaddock 0-0: Ball
1-0: Called Strike
1-1: Foul Ball, location: 2F
1-2: Strikes out looking
Batting: LHB Andrew Erens 0-0: Called Strike
0-1: Ball
1-1: Foul Ball, location: 2F
1-2: Ground out U3 (Groundball, 3S, EV 66.2 MPH)
Top of the 7th over - 0 runs, 0 hits, 0 errors, 0 left on base; Bowie 1 - Erie 1
BOTTOM OF THE 7TH
Erie SeaWolves batting - Pitching for Bowie Baysox : RHP Mike Hurst
Pitching: LHP Taylor Sightler
Now in LF: Jordan Wallace
Now in CF: Matt Patnaude
Batting: LHB Luis Dominguez 0-0: Ball
1-0: Ball
2-0: Foul Ball, location: 2F
2-1: Called Strike
2-2: Ground out U3 (Groundball, 3, EV 81.9 MPH)
Batting: RHB Victor Reyes 0-0: Foul Ball, location: 2F
0-1: Swinging Strike
0-2: Ball
1-2: Ball
2-2: Strikes out swinging
Batting: RHB Jordan Hall 0-0: Swinging Strike
0-1: Ground out 5-3 (Groundball, 15, EV 83.8 MPH)
Bottom of the 7th over - 0 runs, 0 hits, 0 errors, 0 left on base; Bowie 1 - Erie 1
TOP OF THE 8TH
Bowie Baysox batting - Pitching for Erie SeaWolves : RHP Luis Brown
Pitching: RHP Cameron Maxwell
Batting: RHB Danny Merrill 0-0: Foul Ball, location: 2F
0-1: Swinging Strike
0-2: Strikes out swinging
Batting: LHB Raul Rojas 0-0: Ball
1-0: Foul Ball, location: 2F
1-1: Foul Ball, location: 2F
1-2: Ball
2-2: Fly out, F5 (Popup, 25F, EV 85.6 MPH)
Batting: RHB Edwin Ramos 0-0: Called Strike
0-1: Called Strike
0-2: Ball
1-2: Foul Ball, location: 2F
1-2: Strikes out swinging
Top of the 8th over - 0 runs, 0 hits, 0 errors, 0 left on base; Bowie 1 - Erie 1
BOTTOM OF THE 8TH
Erie SeaWolves batting - Pitching for Bowie Baysox : LHP Taylor Sightler
Batting: RHB Brandon O'Malley 0-0: Ball
1-0: Called Strike
1-1: Fly out, F7 (Flyball, 7S, EV 90.6 MPH)
Batting: RHB Adam MacConnell 0-0: Ball
1-0: Foul Ball, location: 2F
1-1: Ball
2-1: Called Strike
2-2: SINGLE (Groundball, 6MS, EV 87.5 MPH) (infield hit)
Batting: RHB John Evancho 0-0: Called Strike
0-1: SINGLE (Groundball, 56D, EV 100.0 MPH)
Adam MacConnell to second
Batting: RHB Eric Angelle 0-0: Foul Ball, location: 2F
0-1: Foul Ball, location: 2F
0-2: SINGLE (Groundball, 6D, EV 107.5 MPH)
Adam MacConnell to third
John Evancho to second
Runner from 3rd tries for Home, throw by CF and OUT! 8-2
John Evancho to third
Eric Angelle to second
Batting: RHB Carlos Armenteros 0-0: Called Strike
0-1: Ball
1-1: Ground out U3 (Groundball, 34S, EV 88.8 MPH)
Bottom of the 8th over - 0 runs, 3 hits, 0 errors, 2 left on base; Bowie 1 - Erie 1
TOP OF THE 9TH
Bowie Baysox batting - Pitching for Erie SeaWolves : RHP Cameron Maxwell
Pinch Hitting: LHB Wes Goscinski 0-0: Foul Ball, location: 2F
0-1: Ground out 5-3 (Groundball, 5L, EV 105.6 MPH)
Batting: LHB Matt Patnaude 0-0: Ball
1-0: Ball
2-0: Called Strike
2-1: Ball
3-1: Foul Ball, location: 2F
3-2: Foul Ball, location: 2F
3-2: Base on Balls
Pinch Hitting: RHB Andy Chess 0-0: Ball
Matt Patnaude steals 2nd base
1-0: Foul Ball, location: 2F
1-1: Called Strike
1-2: Ball
2-2: Foul Ball, location: 2F
2-2: Fly out, F9 (Flyball, 9, EV 89.4 MPH)
Batting: LHB Jose Fierro 0-0: Intentional Walk
Batting: RHB Jordan Wallace 0-0: Ball
1-0: SINGLE (Groundball, 5L, EV 93.8 MPH)
Matt Patnaude to third
Jose Fierro to second
Runner from 3rd tries for Home, SAFE, throw by LF to home
Batting: LHB Andrew Erens 0-0: Called Strike
0-1: Swinging Strike
0-2: Foul Ball, location: 2F
0-2: Fly out, F8 (Flyball, 78D, EV 86.9 MPH)
Top of the 9th over - 1 run, 1 hit, 0 errors, 2 left on base; Bowie 2 - Erie 1
BOTTOM OF THE 9TH
Erie SeaWolves batting - Pitching for Bowie Baysox : LHP Taylor Sightler
Pitching: RHP Craig Potter
Now at C: Angel Lescano
Now at 2B: Eddie Ramirez
Batting: RHB Tanner Purchase 0-0: Foul Ball, location: 2F
0-1: Ball
1-1: Fly out, F4 (Popup, 4MD, EV 65.0 MPH)
Batting: LHB Luis Dominguez 0-0: Ball
1-0: Swinging Strike
1-1: Ball
2-1: Ground out U3 (Groundball, 3L, EV 96.2 MPH)
Pinch Hitting: SHB Shohei Fujii 0-0: Ball
1-0: Ball
2-0: Ball
3-0: Called Strike
3-1: Foul Ball, location: 2F
3-2: Hit by Pitch
Pinch Hitting: RHB Steve Clark 0-0: Ball
1-0: Foul Ball, location: 2F
1-1: Swinging Strike
1-2: Ball
2-2: Ball
3-2: Foul Ball, location: 2F
3-2: Foul Ball, location: 2F
3-2: Foul Ball, location: 2F
3-2: Base on Balls
Shohei Fujii to second
Batting: RHB Brandon O'Malley 0-0: Ball
1-0: Foul Ball, location: 2F
1-1: Fly out, F7 (Flyball, 7D, EV 97.5 MPH)
Bottom of the 9th over - 0 runs, 0 hits, 0 errors, 2 left on base; Bowie 2 - Erie 1
Tuesday, September 13th , 2022 - OOTP Baseball 23.7 Build 88